 Dungeon Sprint DCSS version 0.27-a0-46-g34d46f0a3f (webtiles) character file.

Game seed: 2744609352970477155

1176 mhtbhm the Fighter (level 8, -1/82 HPs)
             Began as a Black Draconian Berserker on Jan 7, 2021.
             Was an Elder of Trog.
             Slain by a centaur warrior (8 damage)
             ... in the Dungeon (Sprint I: "Red Sonja").
             The game lasted 00:01:19 (707 turns).

mhtbhm the Fighter (Black Draconian Berserker)       Turns: 707, Time: 00:01:20

Health: -1/82      AC:  6    Str: 22    XL:     8   Next: 18%
Magic:  8/8        EV: 16    Int:  8    God:    Trog [****..]
Gold:   351        SH:  0    Dex: 10    Spells: 7/7 levels left

rFire    . . .     SeeInvis .   a - +0 mace
rCold    . . .     Faith    .   (no shield)
rNeg     . . .     Spirit   .   (armour unavailable)
rPois    .         Reflect  .   (helmet restricted)
rElec    +         Harm     .   (no cloak)
rCorr    .         Rampage  .   (no gloves)
Will     .....     NoTele   +   (no boots)
Stlth    +.........             (no amulet)
HPRegen  0.23/turn              (no ring)
MPRegen  0.11/turn              (no ring)

@: short of breath, berserk cooldown
A: breathe lightning, unfitting armour, electricity resistance, cold-blooded, AC
+6
a: Breathe Lightning, Renounce Religion, Berserk, Trog's Hand, Brothers in Arms


You were in the Dungeon.
You worshipped Trog.
Trog was greatly pleased with you.
You visited 1 branch You collected 429 gold pieces.
You spent 78 gold pieces at shops.

Inventory:

Hand Weapons
 a - a +0 mace (weapon)
Scrolls
 g - a scroll of blinking
 h - a scroll of identify
Potions
 b - a potion of curing
 d - a potion of haste
 e - 2 potions of magic
 f - a potion of berserk rage
 i - a potion of might


   Skills:
 + Level 11.3 Fighting
 + Level 11.3 Maces & Flails
 + Level 9.8 Dodging
 + Level 0.9 Stealth


You had 7 spell levels left.
You didn't know any spells.
Your spell library was empty.

Dungeon Overview and Level Annotations

Branches:
Dungeon (1/1)

Altars:
Cheibriados
Dithmenos
Elyvilon
Fedhas
Gozag
Hepliaklqana
Kikubaaqudgha
Makhleb
Nemelex Xobeh
Okawaru
Qazlal
Ru
Sif Muna
Trog
Uskayaw
Vehumet
Wu Jian
Xom
Yredelemnul
Zin
The Shining One
Jiyva
Lugonu

Shops:
D *


Innate Abilities, Weirdness & Mutations

You can breathe wild blasts of lightning.
Your glossy black scales are hard. (AC +6)
You cannot fit into any form of body armour.
You are resistant to electric shocks. (rElec)
You are cold-blooded and may be slowed by cold attacks.


Message History

The centaur warrior hits you!
* * * LOW HITPOINT WARNING * * *
Unknown command.
Unknown command.
You sock the centaur warrior!
The centaur warrior is lightly wounded.
The centaur warrior hits you!
* * * LOW HITPOINT WARNING * * *
You barely miss the centaur warrior.
Your tail-slap misses the centaur warrior.
The centaur warrior is lightly wounded.
The centaur warrior misses you.
You hit the centaur warrior.
The centaur warrior is lightly wounded.
The centaur warrior barely misses you.
You barely miss the centaur warrior.
You tail-slap the centaur warrior, but do no damage.
The centaur warrior is lightly wounded.
The centaur warrior closely misses you. The centaur warrior hits you!
You die...

####################
)..#..'..#__#..c(..#
#..').#..'c.'.(#@..#
##'#####'#__####...+
#..#...#[#### #####
####..##.#
___##'#_.+
∩...'..._#
.__##_.#'#
___###+#.# #### ###


You could see a centaur warrior.

Vanquished Creatures
  2 kobold demonologists (D)
  A slime creature (D)
  Sigmund (D)
  A yak (D)
  A floating eye (D)
  An ogre (D)
  A jelly (D)
  Ijyb (D)
9 creatures vanquished.

Notes
Turn   | Place    | Note
-------+----------+-------------------------------------------
     0 | D        | mhtbhm the Draconian Berserker began the quest for the Orb.
     0 | D        | Reached XP level 1. HP: 19/19 MP: 1/1
     1 | D        | Noticed Ijyb
    24 | D        | Killed Ijyb
    25 | D        | Reached XP level 2. HP: 16/28 MP: 2/2
   149 | D        | Noticed an ogre
   153 | D        | Killed an ogre
   154 | D        | Reached skill level 5 in Dodging
   154 | D        | Reached XP level 3. HP: 38/38 MP: 3/3
   154 | D        | Reached XP level 4. HP: 45/45 MP: 4/4
   218 | D        | Noticed Sigmund
   223 | D        | Killed Sigmund
   223 | D        | Reached ** piety under Trog
   224 | D        | Reached XP level 5. HP: 56/56 MP: 5/5
   269 | D        | Found an ornate altar of the Wu Jian Council.
   269 | D        | Found a shimmering blue altar of Sif Muna.
   271 | D        | Found a radiant altar of Vehumet.
   281 | D        | Reached XP level 6. HP: 44/62 MP: 6/6
   436 | D        | Found Joshua's General Store.
   436 | D        | Found an ancient bone altar of Kikubaaqudgha.
   436 | D        | Found a hazy altar of Hepliaklqana.
   436 | D        | Found a stormy altar of Qazlal.
   436 | D        | Found a hide-covered altar of Uskayaw.
   436 | D        | Found a blossoming altar of Fedhas.
   436 | D        | Found a bloodstained altar of Trog.
   436 | D        | Found an iron altar of Okawaru.
   436 | D        | Found a basalt altar of Yredelemnul.
   436 | D        | Found a glowing golden altar of the Shining One.
   436 | D        | Found a snail-covered altar of Cheibriados.
   436 | D        | Found a sacrificial altar of Ru.
   436 | D        | Found a glowing silver altar of Zin.
   436 | D        | Found a shadowy altar of Dithmenos.
   436 | D        | Found a white marble altar of Elyvilon.
   436 | D        | Noticed a yak
   444 | D        | Killed a yak
   445 | D        | Found an opulent altar of Gozag.
   446 | D        | Found a sparkling altar of Nemelex Xobeh.
   450 | D        | Bought a scroll of identify for 26 gold pieces
   450 | D        | Bought a potion of might for 52 gold pieces
   598 | D        | Found a burning altar of Makhleb.
   598 | D        | Found a viscous altar of Jiyva.
   598 | D        | Found a shimmering altar of Xom.
   598 | D        | Found a corrupted altar of Lugonu.
   598 | D        | Noticed a slime creature
   605 | D        | Killed a slime creature
   605 | D        | Reached *** piety under Trog
   606 | D        | Reached skill level 10 in Fighting
   606 | D        | Your scales start taking on a glossy black colour.
   606 | D        | Reached XP level 7. HP: 72/72 MP: 7/7
   606 | D        | Gained mutation: You are resistant to electric shocks.
                  | (rElec) [Black Draconian growth]
   646 | D        | Noticed a kobold demonologist
   646 | D        | Noticed a kobold demonologist
   648 | D        | Reached skill level 10 in Maces & Flails
   654 | D        | Noticed a smoke demon
   654 | D        | Killed a kobold demonologist
   659 | D        | Killed a kobold demonologist
   659 | D        | Reached **** piety under Trog
   660 | D        | Reached XP level 8. HP: 82/82 MP: 8/8
   693 | D        | Noticed a centaur warrior
   701 | D        | HP: 4/82 [centaur warrior (7)]
   707 | D        | Slain by a centaur warrior

Illustrated notes

Levels and vault maps discovered:
D:        dungeon_sprint_1 [red_sonja_temple_1, red_sonja_temple_small_1]

Skill      XL: |  1  2  3  4  5  6  7 |
---------------+----------------------+-----
Fighting       | 4 6 8 10 11 | 11.3
Maces & Flails | 4 6 7 8 9 11 | 11.3
Dodging        | 4 5 7 8 9 |  9.8
Stealth        | |  0.9

Action                   |  1- 3 |  4- 6 |  7- 9 || total
-------------------------+-------+-------+-------++-------
Melee: Mace              |    24 |    22 |    14 ||    60
       Tailslap          |     3 |     5 |     4 ||    12
Invok: Berserk           |     2 |     3 |     1 ||     6
 Abil: Breathe Lightning |       |       |     2 ||     2
  Use: Potion            |       |       |     1 ||     1
Armor: Skin              |     4 |     2 |     2 ||     8
Dodge: Dodged            |    17 |    12 |     9 ||    38

Table legend: (Time is in decaauts)
 A = Elapsed time spent in this place.
 B = Non-inter-level travel time spent in this place.
 C = Inter-level travel time spent in this place.
 D = Time resting spent in this place.
 E = Time spent auto-exploring this place.
 F = Levels seen in this place.
 G = Mean time per level.
                   A        B        C        D        E       F      G
               +--------+--------+--------+--------+--------+-----+--------+
         Total |    778 |    778 |      0 |    587 |      1 |   1 |  778.0 |
       Dungeon |    778 |    778 |      0 |    587 |      1 |   1 |  778.0 |
               +--------+--------+--------+--------+--------+-----+--------+

Top non-repeatable levels by time:
       D: 778 daAuts
